[Event "Late-Titled-Tuesday-Blitz-May-07-2024"]
[Site "Chess.com"]
[Date "2024.05.07"]
[Round "7"]
[White "KNVB"]
[Black "Romkachess"]
[Result "1-0"]
[WhiteElo "2808"]
[BlackElo "2615"]
[TimeControl "180+1"]
[EndTime "15:17:57 PDT"]
[Termination "KNVB won by resignation"]

1. a4 e5 2. Ra3 Bxa3 3. Nxa3 d6 4.
b3 Nf6 5. Bb2 Bf5 6. e3 Nbd7 7.
Ne2 O-O 8. d3 Re8 9. Nb1 a5 10.
Ng3 Bg6 11. h4 h6 12. h5 Bh7 13. Nd2 b5 14. axb5 a4 15. bxa4 Rxa4 16. c4 Qa8 17. Be2 Nc5 18. e4 Ra2 19. Qb1 Qa5 20. O-O Ra8 21. Qc1 Qb4 22. Bc3 Qa3 23. Nb1 Qxc1 24. Rxc1 Na4 25. Bb4 Rb2 26. Ba3 Rb3 27. Kf1 Nc3 28.
Nxc3 Rbxa3 29. Ke1 Ra1 30. Rxa1 Rxa1+ 31. Kd2 Ra8 32.
Bf3 Kf8 33. Nf1 Ke7 34. Ne3 Kd7 35. Bg4+ Nxg4 36. Nxg4 f5 37. exf5 Bxf5 38. Ne3 Be6 39. f3 c6 40. bxc6+ Kxc6 41. Ke2 Ra3 42. Ne4 Ra2+ 43.
Kf1 d5 44. cxd5+ Bxd5 45. Nxd5 Ra1+ 46. Kf2 Kxd5 47. Ng3 Ra7 48. Nf5 Ra2+ 49. Kg1 Ra7 50. g4 Ke6 51. Kf2 Kf6 52. Ke3 Kg5 53. Ng3 Kf6 54.
Ne4+ Ke6 55. Ng3 Kd5 56. Nf5 Ke6 57. Ke4 Ra4+ 58. Ke3 Kf6 59. Nd6 Ra1 60. Ne4+ Ke6 61. Ng3 Kd5 62. Nf5 Re1+ 63. Kd2 Rf1 64. Ke2 Rh1 65.
Nxg7 Rh2+ 66. Ke3 Rh1 67. Nf5 Re1+ 68. Kd2 Rf1 69. Ne3+ 1-0

[Event "Late-Titled-Tuesday-Blitz-May-07-2024"]
[Site "Chess.com"]
[Date "2024.05.07"]
[Round "7"]
[White "The_Machine04"]
[Black "rynos0411"]
[Result "1-0"]
[WhiteElo "2782"]
[BlackElo "2551"]
[TimeControl "180+1"]
[EndTime "15:17:58 PDT"]
[Termination "The_Machine04 won by resignation"]

1. d4 Nf6 2. Nf3 e6 3. Nbd2 c5 4. e3 d5 5. c3 Nc6 6. Bd3 Bd6 7.
O-O O-O 8. dxc5 Bxc5 9. b4 Bd6 10. Bb2 Qe7 11. a3 Rd8 12. c4 dxc4 13. Nxc4 Bc7 14.
Qc2 e5 15. b5 e4 16. Bxf6 Qxf6 17. Bxe4 Ne7 18. Bxh7+ Kh8 19. Be4 Rb8 20. Rad1 Be6 21. Rxd8+ Rxd8 22. Bxb7 Rb8 23. Bc6 Nxc6 24. bxc6 Bd5 25.
e4 Bxc6 26. Ne3 Bb6 27. Nd5 Bxd5 28. exd5 Rd8 29. Rd1 Rd6 30. a4 g6 31. Qe4 Kg7 32. Qe5 Bc5 33. h4 a5 34. g4 Rd8 35.
Kg2 Bd6 36. Qxf6+ Kxf6 37. Rd3 Rc8 38. Ng5 Rc4 39. Rf3+ Ke7 40. Rxf7+ Ke8 41. f3 Rxa4 42. Rf6 Ra2+ 43. Kf1 Ke7 44. Rxg6 Rh2 45. h5 a4 46. Ne4 Bb4 47. Ra6 a3 48. h6 a2 49. h7 Rxh7 50. Rxa2 Rh1+ 51. Kg2 Rd1 52.
Ra7+ Kf8 53. Ra8+ Ke7 54. Ra7+ Kf8 55. Rd7 Ke8 56. Nf6+ Kf8 57. g5 Be7 58. Ne4 Rd4 59. d6 Bxg5 60. Nxg5 Ra4 61. Ne4 Ke8 62. Re7+ Kd8 63. Kg3 Ra5 64. Kf4 Rh5 65. Re5 Rh4+ 66.
Kg5 Rh3 67. f4 Rh8 68. Nf6 Rf8 69. Rb5 Kc8 70. Rc5+ Kd8 71. Ra5 Kc8 72. Ra8+ 1-0

[Event "Late-Titled-Tuesday-Blitz-May-07-2024"]
[Site "Chess.com"]
[Date "2024.05.07"]
[Round "7"]
[White "Walter_White_Poland"]
[Black "rhwr"]
[Result "1-0"]
[WhiteElo "2422"]
[BlackElo "2279"]
[TimeControl "180+1"]
[EndTime "15:17:58 PDT"]
[Termination "Walter_White_Poland won by checkmate"]

1. e4 c5 2. Nf3 d6 3. d4 cxd4 4. Nxd4 Nf6 5. Nc3 e5 6. Nf5 Bxf5 7. exf5 Be7 8. Bc4 O-O 9. O-O a6 10. Qf3 Qc7 11. Bb3 Nc6 12. Be3 Na5 13. Rac1 b5 14. Nd5 Nxd5 15. Bxd5 Rac8 16. c3 Nc4 17. Rc2 Nxe3 18. fxe3 a5 19. Rff2 a4 20. a3 Bf6 21.
g3 h6 22. Rcd2 Qb6 23. h4 Rc5 24. Kh2 Rfc8 25. Rfe2 Qd8 26. Qh5 e4 27. Qxf7+ Kh8 28. Be6 R8c7 29. Qg6 Re7 30. Rd1 d5 31. Red2 Qe8 32.
Qxe8+ Rxe8 33. Rxd5 Rxd5 34. Rxd5 Rb8 35. Kg2 Kh7 36.
Bf7 Kh8 37. Kf2 Be7 38. Ke2 Rf8 39. Bg6 Rb8 40. Rd7 Bf6 41. Rd6 Kg8 42. Re6 Kf8 43. Rxe4 Be7 44. Re6 Bf6 45. e4 Be7 46. e5 Bc5 47. Rc6 Be7 48. Kf3 Rd8 49. Ke4 Rb8 50. f6 gxf6 51. exf6 Bd8 52. Kf5 Ba5 53. Re6 Rd8 54. g4 Rd5+ 55. Ke4 Rd8 56. g5 hxg5 57. hxg5 Bc7 58. Bh5 Kg8 59. g6 Kf8 60. Bg4 Bb6 61. Re7 Bc5 62. g7+ Kg8 63. Be6+ Kh7 64. g8=Q+ Kh6 65.
Qg7+ Kh5 66. Qh7+ Kg5 67. Rg7+ Kxf6 68. Qg6# 1-0

[Event "Late-Titled-Tuesday-Blitz-May-07-2024"]
[Site "Chess.com"]
[Date "2024.05.07"]
[Round "7"]
[White "jefferyx"]
[Black "GianmarcoVaR"]
[Result "0-1"]
[WhiteElo "3095"]
[BlackElo "2789"]
[TimeControl "180+1"]
[EndTime "15:18:01 PDT"]
[Termination "GianmarcoVaR won by resignation"]

1. d4 Nf6 2. c4 e6 3. Nc3 Bb4 4. Nf3 b6 5. Qc2 Bb7 6. a3 Bxc3+ 7. Qxc3 O-O 8. e3 d6 9. Be2 Nbd7 10. O-O Ne4 11. Qc2 Qe7 12. b4 c5 13. Bb2 Rac8 14. dxc5 dxc5 15. b5 Ng5 16. Nd2 e5 17. a4 e4 18. a5 f5 19. axb6 axb6 20. Ra7 Rc7 21. Rd1 Ne5 22. Nf1 Nd3 23. Bxd3 exd3 24. Qxd3 Be4 25. Rxc7 Qxc7 26. Qd7 Qxd7 27. Rxd7 Rf7 28. Rd8+ Rf8 29. Rd7 Rf7 30. Rd6 Rb7 31. f3 Bc2 32. Nd2 Nf7 33. Rd5 Ra7 34. Be5 Nxe5 35. Rxe5 Rd7 36.
Rd5 Rxd5 37. cxd5 Bd3 38. e4 Bxb5 39. Kf2 f4 40. g3 g5 41. e5 Bd3 42. e6 Kf8 43. d6 c4 44. Ke1 b5 45. Kd1 Ke8 46. Kc1 Bf5 47. e7 Kd7 48. Kb2 Bg6 49. gxf4 gxf4 50. Kc3 Kxd6 51. Kb4 Kxe7 52. Kxb5 c3 53. Nb3 Bf7 54. Nd4 Bd5 55. Kb4 c2 56. Nxc2 Bxf3 57.
Kc5 Be4 58. Nd4 Kf6 59. Ne2 Ke5 60. Ng3 fxg3 61. hxg3 Kf5 0-1

[Event "Late-Titled-Tuesday-Blitz-May-07-2024"]
[Site "Chess.com"]
[Date "2024.05.07"]
[Round "7"]
[White "DominguezOnYoutube"]
[Black "Oleksandr_Bortnyk"]
[Result "1/2-1/2"]
[WhiteElo "3022"]
[BlackElo "3079"]
[TimeControl "180+1"]
[EndTime "15:18:02 PDT"]
[Termination "Game drawn by stalemate"]

1. e4 Nf6 2. e5 Nd5 3. d4 d6 4. Nf3 dxe5 5. Nxe5 c6 6. Be2 Bf5 7. O-O Nd7 8. Nf3 e6 9. c4 N5f6 10. Nc3 Bd6 11. Nh4 Bg6 12. Bg5 Qc7 13. g3 O-O 14.
Nxg6 hxg6 15. c5 Be7 16. Bf4 e5 17. dxe5 Nxe5 18. Qd4 Nfd7 19. Ne4 Rad8 20. Rad1 Nxc5 21.
Qxe5 Qxe5 22. Bxe5 Nxe4 23. Bd3 Ng5 24. f4 Bc5+ 25. Kg2 Ne6 26. Bc4 Rxd1 27. Rxd1 Rd8 28. Rxd8+ Nxd8 29. Kf3 Ne6 30. Ke4 Kf8 31. g4 Bg1 32. Bxe6 fxe6 33. h3 Kf7 34. b3 Bc5 35.
Kd3 Be7 36. g5 Bc5 37. Kc4 Be3 38. Kd3 Bc1 39. Ke4 a6 40. Bd4 Ba3 41. Be5 Bf8 42. Kd4 Ke8 43. Kc4 b5+ 44. Kd4 c5+ 45. Ke4 Kd7 46.
Bc3 Kd6 47. Bb2 Kc6 48. Ke5 Kd7 49. Ke4 a5 50. Bc3 a4 51. bxa4 bxa4 52. Kd3 Bd6 53.
Ke4 Bf8 54. Bb2 Kc6 55. Ke5 Bd6+ 56. Kxe6 Bxf4 57. h4 Bg3 58. Bxg7 Bxh4 59. Kf6 c4 60. Kxg6 Kd5 61. Kh5 Bxg5 62. Kxg5 Ke4 63. Ba1 Kd3 64. Kf4 c3 65. Bxc3 Kxc3 66. Ke3 Kb2 67. Kd2 Kxa2 68.
Kc2 a3 69. Kc1 Ka1 70. Kc2 a2 71. Kc1 1/2-1/2

[Event "Late-Titled-Tuesday-Blitz-May-07-2024"]
[Site "Chess.com"]
[Date "2024.05.07"]
[Round "7"]
[White "Iball95"]
[Black "BogdanDeac"]
[Result "0-1"]
[WhiteElo "2897"]
[BlackElo "3123"]
[TimeControl "180+1"]
[EndTime "15:18:05 PDT"]
[Termination "BogdanDeac won by checkmate"]

1. e4 c5 2. Nf3 Nc6 3. Nc3 e5 4. Bc4 Be7 5. d3 d6 6. h3 a6 7. a4 Be6 8. O-O Rc8 9. Nh2 Nf6 10. Ng4 Nxg4 11. Bxe6 fxe6 12. Qxg4 Kd7 13. Qxg7 Nd4 14.
Be3 Nxc2 15. Rac1 Nb4 16. Rcd1 Qg8 17. Qh6 Rf8 18. f4 exf4 19. Rxf4 Qg6 20. Qxg6 hxg6 21. Rxf8 Rxf8 22. Rd2 Bf6 23. Ne2 b5 24. axb5 axb5 25. d4 c4 26. Nc3 Rb8 27. Rf2 Ke7 28. e5 dxe5 29. dxe5 Bxe5 30. Ne4 Nd3 31. Bg5+ Kd7 32. Rf7+ Kc6 33. Re7 Bxb2 34. Rxe6+ Kd5 35. Re7 Bd4+ 36. Kf1 b4 37. Nd2 Rf8+ 38. Ke2 Rf2+ 39. Kd1 Bc5 40.
Rd7+ Kc6 41. Rd8 Rxg2 42. Bf6 Nf2+ 43. Ke1 Nd3+ 44. Kd1 Rg1+ 45. Ke2 Re1+ 46. Kf3 Re3+ 47. Kg4 c3 48. Nb3 Bb6 49. Rc8+ Kb7 50. Rc4 Ka6 51.
Bg5 Re1 52. Rc6 Rg1+ 53. Kh4 Kb5 54. Rxg6 Bf2+ 55. Kh5 Kc4 56. Na5+ Kb5 57. Nb3 Ka4 58. Nd2 cxd2 59. Bxd2 Rxg6 60. Kxg6 b3 61. Bc3 Kb5 62. Kf5 Kc4 63. Ba1 Bd4 64. Bb2 Bxb2 65. h4 Bd4 66. h5 b2 67. h6 b1=Q 68. Kg6 Qg1+ 69. Kh7 Qf2 70. Kg6 Ne5+ 71. Kh7 Qf7+ 72. Kh8 Ng6# 0-1

[Event "Late-Titled-Tuesday-Blitz-May-07-2024"]
[Site "Chess.com"]
[Date "2024.05.07"]
[Round "7"]
[White "Meri-Arabidze"]
[Black "Noki102"]
[Result "1/2-1/2"]
[WhiteElo "2721"]
[BlackElo "2575"]
[TimeControl "180+1"]
[EndTime "15:18:06 PDT"]
[Termination "Game drawn - insufficient material"]

1. Nf3 d5 2. c4 c6 3. g3 Nf6 4. Bg2 Bf5 5. Qb3 Qc8 6. O-O e6 7. d4 h6 8. Nc3 Nbd7 9. Bf4 Be7 10. Rac1 O-O 11. a3 a5 12. Qa2 Qd8 13. Rfd1 Qb6 14. c5 Qa6 15. Bf1 Qa7 16. Na4 Ne4 17. Qb3 Rfe8 18. Nb6 Nxb6 19. cxb6 a4 20. bxa7 axb3 21. Rd3 Rxa7 22. Rxb3 Rc8 23. Ne5 g5 24. Be3 f6 25.
Nd3 Nd6 26. Bd2 Nc4 27. Bb4 Kf7 28. e3 Be4 29. Bxe7 Kxe7 30. Nc5 Nd2 31. Rxb7+ Rxb7 32. Nxb7 Nf3+ 33. Kh1 Ne1+ 34. Kg1 Nf3+ 35. Kh1 Rb8 36. Na5 Rxb2 37. Nxc6+ Kd6 38. Bg2 Rxf2 39. Nb4 Nd2 40. Bxe4 dxe4 41. Rc6+ Kd7 42. Rc2 Rf1+ 43. Kg2 Rd1 44.
a4 Nf3 45. a5 Rg1+ 46. Kf2 Ra1 47. a6 Nxh2 48. Ke2 Nf3 49. Ra2 Rxa2+ 50. Nxa2 Kc6 51. Nc3 f5 52. Nb5 Kb6 53. a7 Kb7 54. Nc7 Kxa7 55. Nxe6 h5 56. Ng7 h4 57. gxh4 gxh4 58. Nxf5 h3 59.
Ng3 Kb6 60. Nxe4 h2 61. Ng3 Nh4 62. Kf2 Kc6 63. Nh1 Kd5 64. Kg3 Nf5+ 65. Kxh2 Nxe3 66. Kg3 Kxd4 1/2-1/2

[Event "Late-Titled-Tuesday-Blitz-May-07-2024"]
[Site "Chess.com"]
[Date "2024.05.07"]
[Round "7"]
[White "Zq1"]
[Black "ToddBryant"]
[Result "1-0"]
[WhiteElo "2617"]
[BlackElo "2408"]
[TimeControl "180+1"]
[EndTime "15:18:06 PDT"]
[Termination "Zq1 won by checkmate"]

1. d4 Nf6 2. c4 g6 3. Nc3 Bg7 4. e4 d6 5. Nf3 O-O 6. Be2 e5 7. O-O Nc6 8. d5 Ne7 9. Ne1 Nd7 10. Be3 f5 11. f3 f4 12. Bf2 g5 13.
Nb5 b6 14. b4 a6 15. Nc3 Nf6 16. a4 a5 17. bxa5 Rxa5 18. Nd3 Rf7 19. Be1 Ra8 20. Nf2 Bf8 21. Nb5 Ne8 22. a5 bxa5 23. Rxa5 Rxa5 24. Bxa5 Ng6 25. Na7 Bd7 26. Nc6 Qa8 27. Bc3 h5 28. c5 Rg7 29. Qa1 Qc8 30. Ba6 Qa8 31. Bb5 Qxa1 32. Rxa1 g4 33. Kf1 Nh4 34.
fxg4 hxg4 35. Na7 Bxb5+ 36. Nxb5 g3 37. hxg3 Rxg3 38. Ra8 Kf7 39. Ba5 Nxg2 40. Nxc7 Nxc7 41. Bxc7 dxc5 42. d6 f3 43. d7 Ne3+ 44. Ke1 Be7 45.
d8=Q Bxd8 46. Rxd8 Rg1+ 47. Kd2 Nc4+ 48. Kc3 Rg2 49.
Kxc4 Rxf2 50. Rd3 Rc2+ 51. Kd5 f2 52. Rf3+ Kg6 53. Bxe5 c4 54. Bd4 c3 55. Rxf2 Rd2 56. Rf3 c2 57. Rc3 Kg5 58. e5 Kf5 59. e6 Kg6 60.
Rc8 Kf5 61. Rf8+ Kg4 62. Rc8 Kh3 63. e7 Kg2 64. e8=Q Rf2 65. Qg6+ Kf1 66. Qe4 Re2 67.
Qxe2+ Kxe2 68. Rxc2+ Kd1 69. Ra2 Ke1 70. Ke4 Kd1 71. Kd3 Kc1 72. Ra1# 1-0

[Event "Late-Titled-Tuesday-Blitz-May-07-2024"]
[Site "Chess.com"]
[Date "2024.05.07"]
[Round "7"]
[White "Szparu"]
[Black "Maitreia"]
[Result "1/2-1/2"]
[WhiteElo "2905"]
[BlackElo "2709"]
[TimeControl "180+1"]
[EndTime "15:18:09 PDT"]
[Termination "Game drawn - insufficient material"]

1. e4 c5 2. c3 Nf6 3. e5 Nd5 4.
d4 cxd4 5. Nf3 Nc6 6. Bc4 Nb6 7.
Bb3 d6 8. exd6 Qxd6 9. O-O dxc3 10. Qxd6 exd6 11. Nxc3 Be7 12. Bf4 O-O 13. Rfe1 Bg4 14. Nd5 Nxd5 15. Bxd5 Rfe8 16. Nd2 Bf6 17. Nc4 Rxe1+ 18.
Rxe1 Rd8 19. Nxd6 Be6 20. Bxe6 fxe6 21. Nxb7 Rd4 22. Be3 Rb4 23. Nc5 Rxb2 24. a4 Kf7 25. Rd1 Bd4 26. Nd3 Ra2 27. Bxd4 Nxd4 28. Nc5 e5 29. g3 Rc2 30. Ne4 Ra2 31. Nc5 Rc2 32. Nd3 Ke6 33. Kg2 Ra2 34. Re1 Nc6 35. Rc1 Nd4 36.
Rc4 Nf5 37. Re4 Kf6 38. Nxe5 Nd6 39. Nd7+ Kf7 40. Rd4 Ke6 41. Nc5+ Ke5 42. Rg4 g6 43. h4 Nf5 44. Nd3+ Kd6 45. Rb4 Ne3+ 46. Kf3 Nd5 47. Rb7 Ra3 48. Ke4 Rxa4+ 49. Kf3 Ra3 50. Ke2 Ra2+ 51. Kf1 h5 52. Rg7 Ne7 53. Nf4 a5 54.
Nxg6 Nxg6 55. Rxg6+ Kc5 56. Rg5+ Kb4 57. Rxh5 a4 58. Rh8 a3 59. Rb8+ Kc3 60. h5 Rb2 61. Ra8 a2 62. h6 Rb1+ 63. Kg2 a1=Q 64. Rxa1 Rxa1 65. g4 Kd4 66. f4 Ke4 67. Kg3 Ra3+ 68. Kh4 Kxf4 69. Kh5 Ra5+ 70. Kg6 Rg5+ 71. Kf7 Kxg4 72.
h7 Rh5 73. Kg7 Rxh7+ 74. Kxh7 1/2-1/2

[Event "Late-Titled-Tuesday-Blitz-May-07-2024"]
[Site "Chess.com"]
[Date "2024.05.07"]
[Round "7"]
[White "Alex_Sahakyan2006"]
[Black "secretworker2027"]
[Result "1/2-1/2"]
[WhiteElo "2843"]
[BlackElo "2665"]
[TimeControl "180+1"]
[EndTime "15:18:10 PDT"]
[Termination "Game drawn - insufficient material"]

1. d4 Nf6 2. c4 e6 3. Nf3 Bb4+ 4. Nc3 O-O 5. Bd2 d6 6. Qc2 Nbd7 7. a3 Bxc3 8. Bxc3 Qe7 9. e3 e5 10. Be2 Re8 11. O-O b6 12. Rfe1 Bb7 13. Rad1 Be4 14. Qa4 a5 15. Rc1 h6 16. Qd1 Rad8 17. b4 axb4 18.
axb4 c5 19. bxc5 bxc5 20. d5 Ra8 21. Ra1 Nb6 22. Nd2 Bg6 23. Rxa8 Rxa8 24. Qb3 Nfd7 25. Ra1 Rxa1+ 26. Bxa1 Qd8 27. Bc3 Qa8 28. f4 exf4 29.
exf4 Qa6 30. Kf2 f6 31. h4 Qa4 32. Qxa4 Nxa4 33. Ba5 Nab6 34. Bg4 Kf8 35. Be6 Ke7 36. Ke3 Bf7 37. Bf5 Na4 38. Bc7 Nb2 39. g4 Be8 40. h5 Nf8 41. Ba5 Bd7 42. Bc3 Na4 43. Ba5 Bxf5 44. gxf5 Nd7 45. Ne4 Nb2 46. Nd2 Na4 47. Bc7 Nb2 48. Ba5 Nf8 49. Ke2 Nd7 50. Bc3 Na4 51. Ba5 Nb2 52. Ke1 Nd3+ 53. Kd1 Nxf4 54.
Bc7 Nxh5 55. Ne4 Ne5 56. Bxd6+ Kf7 57. Bxe5 fxe5 58. Nxc5 Ng3 59. Nd7 Nxf5 60. Ke2 e4 61.
c5 Ke7 62. Ne5 Kf6 63. Nd7+ Ke7 64. Ne5 Kf6 65. Nc4 h5 66. c6 Nd4+ 67. Ke3 Nb5 68. d6 Ke6 69. c7 Na7 70. Kxe4 h4 71. Kf4 Kd7 72. Ke5 Nc8 73. Kf4 Nxd6 74. Nxd6 Kxc7 75. Ne8+ Kd7 76. Nxg7 Ke7 77. Nf5+ Kf6 78. Nxh4 1/2-1/2

[Event "Late-Titled-Tuesday-Blitz-May-07-2024"]
[Site "Chess.com"]
[Date "2024.05.07"]
[Round "7"]
[White "MITerryble"]
[Black "stollenmonster"]
[Result "1-0"]
[WhiteElo "3029"]
[BlackElo "2869"]
[TimeControl "180+1"]
[EndTime "15:18:15 PDT"]
[Termination "MITerryble won by resignation"]

1. d4 Nf6 2. Bg5 e6 3. e4 Be7 4. e5 Nd5 5. Bd2 c5 6. c4 Nb6 7.
Qg4 Kf8 8. dxc5 Bxc5 9. Nf3 Nc6 10. Nc3 d6 11. Ne4 Bb4 12. Rd1 Bxd2+ 13. Rxd2 d5 14. Qf4 Qe7 15. Nd6 f6 16. Be2 Kg8 17.
c5 Nd7 18. exf6 gxf6 19. b4 a5 20. a3 axb4 21. axb4 Nce5 22. O-O b6 23. Nxe5 Nxe5 24. Qg3+ Kf8 25. f4 Ng6 26. f5 exf5 27. Bf3 bxc5 28.
bxc5 Qe3+ 29. Qf2 f4 30. Bxd5 Rb8 31. c6 Ba6 32. c7 Rb6 33. c8=Q+ Bxc8 34. Nxc8 Ra6 35.
Re2 Qc3 36. Rc2 Qe3 37. Bb7 Re6 38. Bd5 Ra6 39. Bf3 Kg7 40. Re1 Qxf2+ 41. Kxf2 Ne5 42. Rd1 Kg6 43. Nd6 Rd8 44. Ne4 Rxd1 45. Bxd1 Kf5 46. Bf3 Nd3+ 47. Ke2 Ne5 48. Nc5 Ra3 49. Rd2 Re3+ 50. Kf2 Ra3 51. Ne4 Kg6 52. Nd6 f5 53.
Be2 Ng4+ 54. Bxg4 fxg4 55. Nc4 Rc3 56. Ne5+ Kf5 57. Nd3 h5 58. Ke2 h4 59. Rb2 g3 60. h3 f3+ 61. gxf3 g2 62. Rb1 Ra3 63. Rg1 Ra2+ 64. Ke3 Rc2 65. Nb4 Rc3+ 66. Kf2 Kf4 67. Nd5+ 1-0

[Event "Late-Titled-Tuesday-Blitz-May-07-2024"]
[Site "Chess.com"]
[Date "2024.05.07"]
[Round "7"]
[White "baki83"]
[Black "FelixBlohberger"]
[Result "1/2-1/2"]
[WhiteElo "2928"]
[BlackElo "2751"]
[TimeControl "180+1"]
[EndTime "15:18:15 PDT"]
[Termination "Game drawn by repetition"]

1. e4 e5 2. Nf3 Nc6 3. Bb5 Nf6 4. d3 Bc5 5. Bg5 h6 6. Bh4 Be7 7. Nbd2 d6 8. c3 O-O 9. Bxc6 bxc6 10. Qc2 Nh5 11.
Bxe7 Qxe7 12. O-O-O c5 13. g3 Be6 14. Kb1 a5 15. d4 a4 16. dxe5 dxe5 17. Nxe5 Bxa2+ 18. Kxa2 Qxe5 19. Qd3 Nf6 20. Qc4 Nd7 21. Qd5 Qe7 22.
Nc4 Nb6 23. Qe5 Rfe8 24. Qxe7 Rxe7 25. Nxb6 cxb6 26. f3 Re6 27. c4 g5 28. Rd3 g4 29.
Re1 Rae8 30. Ka3 gxf3 31. Kxa4 Rxe4 32. Rxe4 Rxe4 33. Kb5 f2 34. Rf3 Re2 35. Kxb6 Rxb2+ 36. Kxc5 Kg7 37. Kd6 Kg6 38. c5 Rd2+ 39. Kc6 Rc2 40.
Kb6 Rb2+ 41. Kc7 Rc2 42. c6 f5 43. Rf4 h5 44. Kb7 Rb2+ 45. Kc8 Rc2 46. c7 Kf6 47. Kd7 Rd2+ 48. Kc6 Rc2+ 49. Kb6 Rb2+ 50. Ka6 Ra2+ 51. Kb7 Rb2+ 52. Ka8 Ra2+ 53. Kb8 Rb2+ 54. Kc8 Rc2 55. Rf3 Kg6 56. h3 Kg5 57. Rf4 Kg6 58. Kd7 Rd2+ 59. Kc8 Rc2 60. h4 Kf6 61. Kd7 Rd2+ 62. Kc8 Rc2 63. Rf3 Kg6 64. Kd7 Rd2+ 65. Ke7 Rc2 66. Kd6 Rd2+ 67. Ke5 Re2+ 68. Kd6 Rd2+ 69.
Kc6 Rc2+ 70. Kb7 Rb2+ 71. Ka8 Ra2+ 72. Kb8 Rb2+ 73. Kc8 Rc2 74. Kd8 Rd2+ 75. Kc8 Rc2 1/2-1/2

[Event "Late-Titled-Tuesday-Blitz-May-07-2024"]
[Site "Chess.com"]
[Date "2024.05.07"]
[Round "7"]
[White "Chessdreamer2020"]
[Black "Goryachkina"]
[Result "0-1"]
[WhiteElo "2516"]
[BlackElo "2693"]
[TimeControl "180+1"]
[EndTime "15:18:16 PDT"]
[Termination "Goryachkina won by checkmate"]

1. e4 c5 2. Nf3 Nc6 3. Bb5 e6 4. b3 Nge7 5. Bb2 a6 6. Bxc6 Nxc6 7. O-O d6 8. d4 cxd4 9. Nxd4 e5 10. Ne2 Be7 11.
c4 O-O 12. Nbc3 f5 13. exf5 Bxf5 14. Ng3 Bg6 15. Nd5 Kh8 16. Ba3 Bh4 17. Ne3 Nd4 18. Bb2 Ne6 19. Ba3 Nc5 20. Bxc5 dxc5 21. Qxd8 Raxd8 22. Nd5 Bd3 23. Rfe1 e4 24. Rad1 h6 25. Nxe4 Bxe4 26.
Rxe4 Bxf2+ 27. Kh1 Bd4 28. Nf4 Kg8 29. Ne6 Rde8 30.
Rde1 Rf2 31. Nxc5 Rxe4 32. Nxe4 Rxa2 33. Rd1 Rb2 34. g3 Be3 35. Rd3 Ba7 36. Nd6 a5 37.
Nb5 Bc5 38. Rd5 b6 39. Rd3 Kf7 40. Nc7 Kf6 41. Nd5+ Kf5 42. Nc3 Kg4 43. Ne4 Bb4 44. Rd4 Kf3 45. h4 Rb1+ 46. Kh2 Rb2+ 47. Kh3 Rxb3 48.
Nd2+ Bxd2 49. Rxd2 a4 50. Ra2 a3 51. h5 Ke4 52. c5 bxc5 53. Re2+ Kd3 54. Re7 a2 55. Ra7 Rb2 56. Kg4 c4 57. Kf5 c3 58. Kg6 c2 59.
Kxg7 c1=Q 60. Rd7+ Ke3 61. Kxh6 Kf3+ 62. Kg6 Rb6+ 63.
Kf7 Qc4+ 64. Ke8 Qe6+ 65. Re7 Rb8# 0-1

[Event "Late-Titled-Tuesday-Blitz-May-07-2024"]
[Site "Chess.com"]
[Date "2024.05.07"]
[Round "7"]
[White "wannabe2700"]
[Black "PhileKhoob"]
[Result "1-0"]
[WhiteElo "2560"]
[BlackElo "2338"]
[TimeControl "180+1"]
[EndTime "15:18:23 PDT"]
[Termination "wannabe2700 won by resignation"]

1. a4 d5 2. Ra3 e5 3. b3 Bxa3 4. Bxa3 Ne7 5. e3 O-O 6. Ne2 b6 7. Ng3 f5 8. f4 exf4 9. exf4 c5 10. Be2 Ng6 11. O-O Nc6 12. Nc3 Be6 13. Nh5 d4 14.
Nb1 Bd5 15. Bb2 Re8 16. Na3 a6 17. c3 Ra7 18. Ng3 Rae7 19. Bxa6 Nh4 20. Bc4 Nxg2 21. Qf3 Bxc4 22. Nxc4 Nh4 23. Qxc6 Re1 24. cxd4 Rxf1+ 25. Kxf1 cxd4 26. Ne5 h6 27. Qc4+ Kh7 28. Qxd4 Qa8 29. Nc6 Rg8 30. Qd7 Qa6+ 31. d3 b5 32. Ne7 Rb8 33.
Nexf5 Rb7 34. Qd4 Nxf5 35. Nxf5 bxa4 36. Qe4 Rxb3 37. Nd4+ Kg8 38. Nxb3 axb3 39. Qd5+ Kh7 40. Qxb3 Qc6 41. Kf2 Qc5+ 42. d4 Qf5 43. Qe3 Qc2+ 44.
Qe2 Qf5 45. Bc1 h5 46. Be3 Qe4 47. Qxh5+ Kg8 48. Qf3 Qc2+ 49. Kg3 Qg6+ 50. Qg4 Qe4 51. Kf2 Qc2+ 52. Qe2 Qe4 53. h3 Qf5 54. Qg4 Qe4 55. f5 Qc2+ 56. Kg3 Qd3 57. Qf4 Qe2 58. Qe5 Qe1+ 59. Kf4 Qf1+ 60. Ke4 Qg2+ 61. Kd3 Qf1+ 62. Kc3 Qa1+ 63. Kc4 Qa2+ 64. Kc5 Qa5+ 65. Kd6 Qb6+ 66. Kd5 Qb7+ 67. Kc5 Qa7+ 68. Kb4 Qb6+ 69. Kc3 Qa6 70. Qe6+ Qxe6 71. fxe6 Kf8 72. d5 Ke7 73. Kd4 1-0

[Event "Late-Titled-Tuesday-Blitz-May-07-2024"]
[Site "Chess.com"]
[Date "2024.05.07"]
[Round "7"]
[White "Dedic8"]
[Black "GM_dmitrij"]
[Result "1-0"]
[WhiteElo "2888"]
[BlackElo "3032"]
[TimeControl "180+1"]
[EndTime "15:18:25 PDT"]
[Termination "Dedic8 won by resignation"]

1. d4 Nf6 2. c4 e6 3. Nc3 Bb4 4. e3 O-O 5. Bd3 Re8 6. Ne2 d5 7.
O-O Nbd7 8. a3 Bf8 9. cxd5 exd5 10. Nf4 c6 11. f3 Bd6 12. Kh1 Nf8 13. e4 c5 14.
dxc5 dxe4 15. cxd6 exd3 16. Qxd3 Qb6 17. b4 Rd8 18.
Rd1 Be6 19. Be3 Qc6 20. Rac1 Bc4 21. b5 Qc8 22. Qd4 Ne6 23. Nxe6 Qxe6 24. Bg5 Bb3 25. Rd3 Rac8 26. Bxf6 Qxf6 27. Qxf6 gxf6 28. Re1 Bc4 29.
Rd4 Be6 30. Ne4 Kg7 31. Kg1 Rc2 32. a4 f5 33. Ng3 Kg6 34. Ne2 Rc4 35. Nf4+ Kf6 36.
Nxe6 Rxd4 37. Nxd4 Rxd6 38. Nb3 b6 39. Re3 Rd1+ 40. Kf2 Rb1 41. Rc3 Rb2+ 42. Kf1 Ra2 43. Rc4 Ke5 44. Nc1 Ra1 45. Ke2 Kd5 46. Rc7 Kd6 47.
Rc4 Kd5 48. Rc7 Kd6 49. Rxf7 Rxc1 50. Rxa7 Rc2+ 51. Kf1 Ra2 52. Rxh7 Rxa4 53. Rh5 Ke5 54. Kf2 Ra2+ 55. Kg3 Rb2 56. h4 Rxb5 57. Rh8 Kf6 58. Rf8+ Kg6 59. Rg8+ Kf6 60. Rh8 Rb4 61. Rb8 Kg6 62.
Kh3 Rb3 63. Rg8+ Kf6 64. h5 Rb1 65. Rg6+ Kf7 66. Kh4 b5 67. Kg5 b4 68. Kxf5 b3 69.
Rb6 b2 70. g4 Ke7 71. Kg5 Kd7 72. h6 Kc7 73. Rb3 Kd6 74. Kg6 Rc1 75. Rxb2 Ke5 76. h7 1-0

[Event "Late-Titled-Tuesday-Blitz-May-07-2024"]
[Site "Chess.com"]
[Date "2024.05.07"]
[Round "7"]
[White "Polish_fighter3000"]
[Black "jcibarra"]
[Result "1/2-1/2"]
[WhiteElo "3116"]
[BlackElo "2931"]
[TimeControl "180+1"]
[EndTime "15:18:26 PDT"]
[Termination "Game drawn - insufficient material"]

1. c4 e5 2. Nc3 Nf6 3. Nf3 d6 4. d4 e4 5. Ng5 Qe7 6. Qc2 Bf5 7. g4 Bg6 8. Bg2 Nc6 9. Ngxe4 Nxd4 10. Qa4+ c6 11. Bg5 Qe6 12. Bxf6 gxf6 13. e3 f5 14. Ng5 Qe7 15. O-O-O Qxg5 16. Rxd4 Bg7 17. Bxc6+ Kf8 18. h4 Qd8 19. Rd2 bxc6 20. h5 Bxc3 21.
bxc3 Qf6 22. Qa3 Ke7 23. Rhd1 Rhd8 24. g5 Qe6 25. hxg6 hxg6 26. Rd4 Rd7 27. c5 d5 28. c4 Rc8 29. cxd5 cxd5 30. Kd2 Rdc7 31. Rc1 Ke8 32. Qa4+ Kf8 33. Qa5 Qe7 34. Rxd5 Qxg5 35. Qb4 Qe7 36. Qd4 Kg8 37. Rh1 f6 38. Rc1 Qe6 39. a4 Rb7 40. Rc2 Re8 41. Rd6 Qe5 42. c6 Rc7 43. Rd7 Qxd4+ 44. Rxd4 Rec8 45. Rd6 Kf7 46. Kd3 Ke7 47.
Rd5 Rxc6 48. Rxc6 Rxc6 49. Ra5 a6 50. e4 fxe4+ 51. Kxe4 Ke6 52. Kf3 f5 53. Kf4 Kf6 54. Kg3 g5 55. f3 Kg6 56. Kh3 Re6 57. Kg3 Rb6 58. Rc5 Rf6 59. a5 Re6 60. Rc8 Kf6 61.
Rg8 Rd6 62. Rf8+ Kg6 63. Rg8+ Kf6 64. Rf8+ Ke5 65. Re8+ Kd5 66. Rg8 Rf6 67. Rxg5 Kc5 68. Kf4 Kb4 69. Rxf5 Rxf5+ 70. Kxf5 Kxa5 71. f4 Kb5 72.
Ke4 a5 73. f5 Kc6 74. Kd4 Kd6 75. Kc4 Ke5 76. Kb5 Kxf5 77. Ka4 Ke5 78. Kxa5 1/2-1/2

[Event "Late-Titled-Tuesday-Blitz-May-07-2024"]
[Site "Chess.com"]
[Date "2024.05.07"]
[Round "7"]
[White "Sinquefield"]
[Black "lamomiajunior"]
[Result "1/2-1/2"]
[WhiteElo "2550"]
[BlackElo "2761"]
[TimeControl "180+1"]
[EndTime "15:18:32 PDT"]
[Termination "Game drawn - insufficient material"]

1. d4 Nf6 2. Nf3 g6 3. Bg5 Bg7 4. Nbd2 c5 5. e3 O-O 6. Be2 b6 7. O-O Bb7 8. c3 d6 9. a4 a6 10. b4 cxb4 11. cxb4 h6 12. Bh4 Nbd7 13. Rc1 g5 14.
Bg3 Nd5 15. Qb3 N7f6 16. h3 Qd7 17. Rc2 Rfc8 18. Rfc1 Rxc2 19. Rxc2 Rc8 20. Rxc8+ Qxc8 21. Bc4 Qc7 22. e4 Nf4 23. Bxf4 gxf4 24. Bxf7+ Kh8 25. Qe6 Bc8 26. Qc4 Qd8 27. e5 dxe5 28. dxe5 Nd7 29. Qxf4 Nf8 30. Bb3 Qd3 31. Qe3 Qd8 32. Qf4 Qd3 33. Qc4 Qxc4 34. Nxc4 b5 35. axb5 axb5 36. Nb6 Bb7 37. Bd5 Ba6 38. Bf7 Bb7 39. Be8 Bxf3 40. gxf3 Bxe5 41. Bxb5 Bd6 42. Nd5 e6 43. Nc3 Bxb4 44.
Ne4 Be7 45. Bc4 Kg7 46. Kg2 Ng6 47. Kf1 Nf4 48. Ng3 Kf7 49. Nf5 Bf8 50. h4 Kf6 51. Ne3 h5 52. Ng2 Ng6 53. Ke2 Bc5 54. f4 Ne7 55. Kf3 Nf5 56. Bd3 Nd4+ 57. Kg3 Bd6 58. Ne3 Bc7 59. Bc2 Ne2+ 60. Kf3 Nxf4 61. Bd1 Ng6 62. Ng2 Ne5+ 63. Ke4 Bb6 64. f4 Ng4 65. Bxg4 hxg4 66. h5 Kg7 67. Ke5 Kh6 68. Kxe6 Kxh5 69. f5 g3 70. f6 Kg4 71. f7 Bc5 72. Kd7 Kf3 73. Nh4+ Kg4 74. Ng2 Kf3 75. Nh4+ Kf2 76. Ke8 Kg1 77. f8=Q Bxf8 78. Kxf8 Kh2 79. Kg7 Kh3 80. Nf3 Kg4 81. Ng1 g2 82. Kg6 Kg3 83. Kg5 Kf2 84. Nh3+ Kf3 85. Kh4 g1=Q 86. Nxg1+ 1/2-1/2